 Dungeon Crawl Stone Soup version 0.17.0-15-g6d90897 (webtiles) character file.

118 septik the Cudgeler (level 5, -5/32 HPs)
             Began as a Gargoyle Fighter on Nov 10, 2015.
             Slain by an orc
             ... wielding a +0 morningstar
              (7 damage)
             ... on level 3 of the Dungeon.
             The game lasted 00:03:29 (1890 turns).

septik the Cudgeler (Gargoyle Fighter)              Turns: 1890, Time: 00:03:29

Health: -5/32      AC: 15    Str: 24    XL:     5   Next: 2%
Magic:  5/5        EV:  4    Int:  9    God:
Gold:   109        SH:  9    Dex: 10    Spells: 0 memorised, 4 levels left

rFire  . . .     SeeInvis .     a - +0 flail
rCold  . . .     Clarity  .     n - +0 plate armour
rNeg   + . .     SustAt   .     c - +0 shield
rPois  ∞         Gourm    .     (no helmet)
rElec  +         Spirit   .     (no cloak)
rCorr  .         Warding  .     (no gloves)
rMut   .         Stasis   .     (no boots)
MR     .....                    (no amulet)
Stlth  ..........               (no ring)
                                (no ring)

@: mighty, not resistant to hostile enchantments, extremely unstealthy
A: negative energy resistance 1, electricity resistance, unbreathing,
petrification resistance, rot immunity, AC +4
a: no special abilities


You were on level 3 of the Dungeon.
You were hungry.

You visited 1 branch of the dungeon, and saw 3 of its levels.

You collected 109 gold pieces.

Inventory:

Hand Weapons
 a - a +0 flail (weapon)
Missiles
 h - 44 stones (quivered)
 p - 8 poisoned needles
Armour
 b - a +0 scale mail
 c - a +0 shield (worn)
 f - a cursed +0 large shield
 n - a +0 plate armour (worn)
Jewellery
 o - an uncursed ring of poison resistance {unknown}
Scrolls
 i - a scroll of enchant weapon {unknown}
 k - 2 scrolls of identify {unknown}
 m - 2 scrolls of remove curse {unknown}
 q - a scroll of noise {unknown}
 s - a scroll of teleportation {unknown}
 t - a scroll of fog {unknown}
Potions
 g - 2 potions of curing {unknown}
 j - a potion of magic {unknown}
 r - 2 potions of degeneration {unknown}
Comestibles
 e - 3 bread rations
 l - a beef jerky
 u - 3 chunks of flesh


   Skills:
 - Level 3.2 Fighting
 + Level 5.0 Maces & Flails
 - Level 3.2 Armour
 - Level 3.2 Shields


You had 4 spell levels left.
You didn't know any spells.

Dungeon Overview and Level Annotations

Branches:
Dungeon (3/15)

Altars:
Yredelemnul


Innate Abilities, Weirdness & Mutations

You are resistant to torment.
Your stone body is resilient (AC +4).
You are immune to poison.
You resist negative energy.
You are resistant to electric shocks.
You can survive without breathing.
You are immune to petrification.
You are immune to rotting.


Message History

You hear some strange, mumbled words.
A magic dart appears from out of thin air!
The magic dart hits you!
* * * LOW HITPOINT WARNING * * *
Drink which item? (? for menu, Esc to quit)
You feel very mighty all of a sudden. The orc hits you but does no damage. x2
You block its attack.
Your shield and plate armour prevent you from hitting something.
The orc hits you but does no damage. The orc hits you with a morningstar.
* * * LOW HITPOINT WARNING * * *
You block its attack. The orc hits you but does no damage.
You miss something. Something hits you but does no damage.
You block the orc's attack. The orc barely misses you.
You hit something but do no damage. Something hits you but does no damage.
The orc hits you but does no damage. x2
Something hits you but does no damage.
You miss something. The orc hits you but does no damage.
The orc hits you with a morningstar!
You die...

...####..........##
.....................#
.......#..............
...........<..........
.........)....<.......
......................
.......l..............
......oo#............#
.......@{...........##
.......$###....##.....
........# ........#...
........#....l..#.....
.......[#.......# ##
........#.......>.
........##.....###
.......## .....


You could see 2 orcs and a giant gecko.

Vanquished Creatures
  Jessica (D:2)
  3 adders (D:2)
  2 oozes
  A worm (D:2)
  2 giant geckos (D:2)
  An orc (D:3)
  2 giant cockroaches (D:2)
  2 goblins (D:1)
  12 hobgoblins
  2 jackals (D:1)
  A ball python (D:1)
  2 bats
  5 giant newts (D:2)
  8 kobolds
  A quokka (D:2)
  7 rats
52 creatures vanquished.

Notes
Turn   | Place    | Note
--------------------------------------------------------------
     0 | D:1      | septik the Gargoyle Fighter began the quest for the Orb.
     0 | D:1      | Reached XP level 1. HP: 14/14 MP: 1/1
   259 | D:1      | Reached XP level 2. HP: 19/19 MP: 2/2
   874 | D:1      | Reached XP level 3. HP: 21/23 MP: 3/3
  1320 | D:2      | Reached skill level 4 in Maces & Flails
  1527 | D:2      | Reached XP level 4. HP: 26/28 MP: 4/4
  1641 | D:2      | Found a basalt altar of Yredelemnul.
  1727 | D:2      | Noticed Jessica
  1730 | D:2      | Killed Jessica
  1736 | D:2      | Reached skill level 5 in Maces & Flails
  1860 | D:3      | Reached XP level 5. HP: 28/32 MP: 5/5
  1890 | D:3      | Slain by an orc

Action                   |  1- 3 |  4- 6 || total
-------------------------+-------+-------++-------
Melee: Flail             |   138 |    84 ||   222
  Use: Potion            |       |     1 ||     1
  Eat: Chunk             |     2 |     1 ||     3
